 Dungeon Sprint DCSS version 0.21.1-1-g345015f (webtiles) character file.

61469 Psiloshibe the Peltast (level 14, 0/119 HPs)
             Began as a Demonspawn Gladiator on May 26, 2018.
             Was the Champion of Makhleb.
             Killed from afar by a fire dragon (58 damage)
             ... with a blast of flame
             ... in the Dungeon (Sprint V: "Ziggurat Sprint").
             The game lasted 00:24:31 (1030 turns).

Psiloshibe the Peltast (Demonspawn Gladiator)       Turns: 1030, Time: 00:24:32

Health: 0/119      AC: 35    Str: 35    XL:     14   Next: 60%
Magic:  0/26       EV: 12    Int:  9    God:    Makhleb [******]
Gold:   0          SH: 35    Dex: 21    Spells: 14/14 levels left

rFire    . . .     SeeInvis .   a - +6 shillelagh "Devastator" {shatter}
rCold    . . .     Gourm    .   x - +18 shield of the Gong {rElec rN+ MR+ EV-5}
rNeg     + . .     Faith    .   w - +15 Maxwell's patent armour {-Cast -Tele rElec MR+ rCorr}
rPois    +         Spirit   +   c - +0 helmet
rElec    +         Reflect  .   P - +0 cloak {rPois}
rCorr    +         Harm     .   O - +2 pair of gloves {Str+3}
MR       +++..     NoTele   +   (boots unavailable) Stlth ..........NoCast +
                                A - amulet of magic regeneration
HPRegen  6.29/turn              B - +6 ring of strength
MPRegen  0.65/turn              C - +6 ring of strength

@: no status effects
A: talons 3, thin skeletal structure 3, powered by death 1, magic shield, magic
regeneration
a: Minor Destruction, Lesser Servant of Makhleb, Major Destruction, Greater
Servant of Makhleb, Renounce Religion


You were in the Dungeon.
You worshipped Makhleb.
Makhleb was exalted by your worship.
You were not hungry.

You visited 1 branch

Inventory:

Hand Weapons
 a - the +6 shillelagh "Devastator" (weapon) {shatter}
   (You found it in the Dungeon)
Missiles
 d - 4 throwing nets (quivered)
Armour
 b - +5 gold dragon scales
 c - a +0 helmet (worn)
 w - the +15 Maxwell's patent armour (worn) {-Cast -Tele rElec MR+ rCorr}
   (You found it in the Dungeon)

   It insulates you from electricity.
   It affects your resistance to hostile enchantments.
   It prevents spellcasting.
   It prevents most forms of teleportation.
   It protects you from acid and corrosion.
 x - the +18 shield of the Gong (worn) {rElec rN+ MR+ EV-5}
   (You found it in the Dungeon)

   It affects your evasion (-5).
   It insulates you from electricity.
   It protects you from negative energy.
   It affects your resistance to hostile enchantments.
 M - the +1 pair of boots of Spite {rElec rN+ Int+4}
   (You found it in the Dungeon)

   It affects your intelligence (+4).
   It insulates you from electricity.
   It protects you from negative energy.
 O - a +2 pair of gloves of strength (worn)
 P - a +0 cloak of poison resistance (worn)
Jewellery
 o - the ring of Shadows {Umbra +Inv Stlth+}
   (You took it off a spriggan air mage in the Dungeon)

   [ring of stealth]

   It lets you turn invisible.
   It makes you more stealthy.
 A - an amulet of magic regeneration (around neck)
 B - a +6 ring of strength (left hand)
 C - a +6 ring of strength (right hand)
Wands
 D - a wand of disintegration (7)
 E - a wand of iceblast (7)
 F - a wand of acid (7)
Scrolls
 k - 4 scrolls of blinking
 r - 4 scrolls of amnesia
 s - 7 scrolls of fog
 t - 5 scrolls of identify
 u - 5 scrolls of remove curse
 v - 2 scrolls of fear
 J - 2 scrolls of brand weapon
Potions
 e - 10 potions of curing
 g - 9 potions of heal wounds
 h - 10 potions of haste
 i - 7 potions of magic
 j - 2 potions of berserk rage
 l - 2 potions of brilliance
 m - 2 potions of invisibility
 n - 4 potions of resistance
 p - 6 potions of agility
 q - 6 potions of might
Miscellaneous
 y - 3 phantom mirrors
 G - a lightning rod (4/4)
 H - a lamp of fire
 I - a phial of floods
 L - 3 boxes of beasts
 N - a fan of gales
Comestibles
 f - 7 rations
 z - 3 chunks of flesh


   Skills:
 * Level 13.7 Fighting
 * Level 16.8 Maces & Flails
   Level 1.1 Bows
 + Level 6.6 Throwing
 * Level 9.7 Armour
 + Level 11.2 Dodging
 + Level 0.5 Stealth
 * Level 18.2 Shields
 * Level 7.8 Unarmed Combat
 + Level 0.6 Spellcasting
 * Level 16.2 Invocations
 + Level 11.0 Evocations


You had 14 spell levels left.
You didn't know any spells.

Dungeon Overview and Level Annotations

Branches:
Dungeon (1/1)

Altars:
Ashenzari
Cheibriados
Dithmenos
Elyvilon
Fedhas
Gozag
Hepliaklqana
Kikubaaqudgha
Makhleb
Nemelex Xobeh
Okawaru
Qazlal
Ru
Sif Muna
Trog
Uskayaw
Vehumet
Wu Jian
Xom
Yredelemnul
Zin
The Shining One
Beogh
Jiyva
Lugonu

Annotations:
D 1 transporter


Innate Abilities, Weirdness & Mutations

You have claws for feet.
You have an unnaturally thin skeletal structure. (Dex +6, Stealth++)
You regenerate a little health from kills.
When hurt, damage is shared between your health and your magic reserves.
You regenerate magic rapidly.


Message History

The fire dragon breathes flames at you. The blast of flame hits you!
You block the fire dragon's attack.
BONNNG!
The fire dragon claws you but does no damage.
You block the fire dragon's attack.
SHROANNG!
The fire dragon closely misses you. x2; You block the fire dragon's attack.
PTOANNNG!
You hit the fire dragon.
The fire dragons and the death drake shudder.
The fire dragon is heavily wounded.
You claw the fire dragon!
The fire dragon is severely wounded.
The death drake is engulfed in blazing flames.
You kill the death drake!
Makhleb accepts your kill.
You feel better. The fire dragon breathes flames at you.
The blast of flame hits you!
You die...

▓......... ▓...
▓..§...§.. ▓...
▓.§.§.§.......▓...
▓.§...........▓..▓
▓.†§§.........▓...
▓§†§..........▓...
▓§§▓.......▓..▓▓▓▓
▓DD...........▓...
▓@D...........▓...
▓.D....©......▓...
▓▓▓▓▓▓▓▓▓▓▓▓▓▓▓...
▓... ▓... ▓...
▓..▓ ▓.▓▓ ▓..▓


You could see 4 fire dragons.

Vanquished Creatures
  3 azure jellies (D)
  An angel (D)
  2 ophanim (D)
  An apis (D)
  A black draconian (D)
  A purple draconian (D)
  A white draconian (D)
  2 death oozes (D)
  A blizzard demon (D)
  2 fire dragons (D)
  4 hydras (D)
  6 spriggan air magi (D)
  4 ice dragons (D)
  3 dancing weapons (D)
  2 orc high priests (D)
  3 spriggan berserkers (D)
  2 spriggans (D)
  2 skeletal warriors (D)
  2 death drakes (D)
  A cherub (D)
  A glowing orange brain (D)
  4 swamp dragons (D)
  3 necromancers (D)
  An orc knight (D)
  3 orc sorcerers (D)
  A deep elf mage (D)
  A cyclops (D)
  7 draconians (D)
  2 freezing wraiths (D)
  2 rime drakes (D)
  2 yaktaurs (D)
  3 ice devils (D)
  6 merfolk (D)
  2 polar bears (D)
  3 slime creatures (D)
  3 hippogriffs (D)
  3 hornets (D)
  A vampire (D)
  A steam dragon (D)
  A warg (D)
  3 orc warriors (D)
  2 ice beasts (D)
  3 ogres (D)
  6 centaurs (D)
  A wight (D)
  3 jellies (D)
  2 orc priests (D)
  3 orc wizards (D)
  2 white imps (D)
  An ooze (D)
  An adder skeleton (D)
  2 adder simulacra (D)
  6 orcs (D)
  A bat skeleton (D)
  3 bat zombies (D)
  A ball python zombie (D)
  A bat simulacrum (D)
  A leopard gecko zombie (D)
  A quokka simulacrum (D)
137 creatures vanquished.

Vanquished Creatures (collateral kills)
  A great orb of eyes (D)
  A cherub (D)
2 creatures vanquished.

Vanquished Creatures (others)
  A wight (D)
1 creature vanquished.

Grand Total: 140 creatures vanquished

Notes
Turn   | Place    | Note
-------+----------+-------------------------------------------
     0 | D        | Found the +6 Majin-Bo {vamp, Archmagi MP+6 Int+6}
     0 | D        | Found the +7 great mace "Firestarter" {inner flame, rF++}
     0 | D        | Psiloshibe the Demonspawn Gladiator began the quest for the Orb.
     0 | D        | Reached XP level 1. HP: 16/16 MP: 1/1
     6 | D        | Found a deep blue altar of Sif Muna.
     6 | D        | Found a bloodstained altar of Trog.
     6 | D        | Found a sacrificial altar of Ru.
     6 | D        | Found a stormy altar of Qazlal.
     6 | D        | Found an iron altar of Okawaru.
     7 | D        | Found a sparkling altar of Nemelex Xobeh.
     7 | D        | Found a blossoming altar of Fedhas.
     9 | D        | Found a transporter.
     9 | D        | Found an ancient bone altar of Kikubaaqudgha.
     9 | D        | Found a viscous altar of Jiyva.
     9 | D        | Found a corrupted altar of Lugonu.
     9 | D        | Found a hazy altar of Hepliaklqana.
     9 | D        | Found a burning altar of Makhleb.
     9 | D        | Found an opulent altar of Gozag.
    22 | D        | Found the +9 heavy crossbow "Sniper" {velocity, Acc+∞ SInv}
    22 | D        | Found the +10 dark maul {crush}
    22 | D        | Found the +15 Maxwell's patent armour {-Cast -Tele rElec MR+ rCorr}
    22 | D        | Found the +18 shield of the Gong {rElec rN+ MR+ EV-5}
    22 | D        | Found the cursed +14 obsidian axe {chop, +Fly SInv *Curse}
    23 | D        | Found the +6 shillelagh "Devastator" {shatter}
    23 | D        | Found the +11 plutonium sword {*Contam Stlth-}
    23 | D        | Found the +8 lance "Wyrmbane" {slay drac, rPois rF+ rC+ AC+3}
    23 | D        | Found the +9 sword of Zonguldrok {reap}
    23 | D        | Found the cursed +13 scythe of Curses {drain, *Curse}
    23 | D        | Found the +0 sword of Power
    23 | D        | Found the +11 mace of Variability {chaos}
    23 | D        | Found the +7 Singing Sword
    23 | D        | Found the +7 longbow "Piercer" {penet, EV-2}
   103 | D        | Became a worshipper of Makhleb the Destroyer
   112 | D        | Entered arena 2.
   112 | D        | Noticed a draconian
   112 | D        | Noticed a draconian
   112 | D        | Found a transporter.
   121 | D        | Killed a draconian
   121 | D        | Reached skill level 2 in Shields
   121 | D        | Gained mutation: You regenerate a little health from kills. [demonic ancestry]
   121 | D        | Reached XP level 2. HP: 26/26 MP: 2/2
   121 | D        | Gained mutation: You have a somewhat thin skeletal structure. (Dex +2, Stealth) [demonic ancestry]
   121 | D        | Reached XP level 3. HP: 31/31 MP: 3/3
   121 | D        | Gained mutation: You have sharp toenails. [demonic ancestry]
   121 | D        | Reached XP level 4. HP: 38/38 MP: 4/4
   121 | D        | Gained mutation: You have a moderately thin skeletal structure. (Dex +4, Stealth+) [demonic ancestry]
   121 | D        | Reached XP level 5. HP: 43/43 MP: 5/5
   121 | D        | Gained mutation: When hurt, damage is shared between your health and your magic reserves. [demonic ancestry]
   121 | D        | Reached XP level 6. HP: 49/49 MP: 6/6
   124 | D        | Killed a draconian
   124 | D        | Reached skill level 5 in Fighting
   124 | D        | Reached skill level 10 in Maces & Flails
   124 | D        | Reached skill level 5 in Throwing
   124 | D        | Reached XP level 7. HP: 57/57 MP: 7/7
   136 | D        | Entered arena 3.
   136 | D        | Found a transporter.
   139 | D        | Reached * piety under Makhleb
   149 | D        | Entered arena 4.
   149 | D        | Found a transporter.
   155 | D        | Reached ** piety under Makhleb
   155 | D        | Reached skill level 3 in Shields
   167 | D        | Entered arena 5.
   167 | D        | Noticed a long sword of electrocution
   167 | D        | Noticed a flail of draining
   167 | D        | Noticed a deep elf mage
   167 | D        | Noticed a flail of crushing
   167 | D        | Found a transporter.
   173 | D        | Killed a deep elf mage
   173 | D        | Reached *** piety under Makhleb
   173 | D        | Gained mutation: You regenerate magic rapidly. [demonic ancestry]
   173 | D        | Reached XP level 8. HP: 63/65 MP: 5/10
   173 | D        | Killed a flail of crushing
   173 | D        | Reached skill level 1 in Armour
   173 | D        | Reached skill level 10 in Dodging
   173 | D        | Reached skill level 5 in Invocations
   173 | D        | Reached skill level 1 in Evocations
   191 | D        | Killed a long sword of electrocution
   191 | D        | Reached skill level 4 in Shields
   191 | D        | Reached XP level 9. HP: 63/73 MP: 7/13
   198 | D        | Killed a flail of draining
   198 | D        | Reached skill level 5 in Shields
   211 | D        | Entered arena 6.
   211 | D        | Noticed a yaktaur
   211 | D        | Noticed a yaktaur
   211 | D        | Found a transporter.
   213 | D        | Reached **** piety under Makhleb
   213 | D        | Killed a yaktaur
   218 | D        | Reached ***** piety under Makhleb
   218 | D        | Killed a yaktaur
   218 | D        | Gained mutation: You have razor-sharp toenails. [demonic ancestry]
   218 | D        | Reached XP level 10. HP: 82/82 MP: 14/16
   235 | D        | Entered arena 7.
   236 | D        | Found a transporter.
   242 | D        | Reached skill level 6 in Shields
   262 | D        | Entered arena 8.
   263 | D        | Found a transporter.
   266 | D        | Reached ****** piety under Makhleb
   277 | D        | Got the ring "Zigier" {+Inv MP+9 Str-4 SInv}
   282 | D        | Entered arena 9.
   282 | D        | Noticed a cyclops
   283 | D        | Found a transporter.
   292 | D        | Reached skill level 7 in Shields
   295 | D        | Killed a cyclops
   299 | D        | Reached skill level 10 in Invocations
   334 | D        | Entered arena 10.
   334 | D        | Noticed a draconian
   334 | D        | Noticed a black draconian
   334 | D        | Noticed a white draconian
   334 | D        | Noticed a draconian
   334 | D        | Noticed a draconian
   334 | D        | Noticed a draconian
   334 | D        | Noticed a draconian
   334 | D        | Noticed a purple draconian
   335 | D        | Found a transporter.
   349 | D        | Killed a draconian
   349 | D        | Reached skill level 8 in Shields
   351 | D        | Killed a draconian
   352 | D        | Killed a purple draconian
   352 | D        | Reached skill level 9 in Shields
   352 | D        | Gained mutation: You have an unnaturally thin skeletal structure. (Dex +6, Stealth++) [demonic ancestry]
   352 | D        | Reached XP level 11. HP: 90/90 MP: 12/19
   361 | D        | Reached skill level 10 in Fighting
   361 | D        | Killed a white draconian
   366 | D        | Reached skill level 10 in Shields
   370 | D        | Killed a black draconian
   402 | D        | Entered arena 11.
   403 | D        | Found a transporter.
   405 | D        | Reached skill level 15 in Maces & Flails
   410 | D        | Reached skill level 5 in Evocations
   414 | D        | Reached skill level 5 in Armour
   414 | D        | Reached skill level 11 in Shields
   438 | D        | Entered arena 12.
   438 | D        | Noticed a cherub
   438 | D        | Noticed a cherub
   438 | D        | Noticed an ophan
   438 | D        | Noticed an angel
   439 | D        | Noticed an ophan
   455 | D        | Killed an ophan
   464 | D        | Killed a cherub
   479 | D        | HP: 2/139 [angel/whip of holy wrath (9)]
   480 | D        | Killed an angel
   486 | D        | Killed an ophan
   486 | D        | Reached skill level 12 in Shields
   488 | D        | Killed a cherub
   488 | D        | Reached XP level 12. HP: 64/100 MP: 2/21
   498 | D        | Found a transporter.
   511 | D        | Got the +1 pair of boots of Spite {rElec rN+ Int+4}
   612 | D        | Entered arena 13.
   612 | D        | Noticed an orc high priest
   612 | D        | Noticed an orc high priest
   616 | D        | Reached skill level 1 in Unarmed Combat
   624 | D        | Killed an orc high priest
   628 | D        | Killed an orc high priest
   628 | D        | Reached skill level 13 in Shields
   640 | D        | Found a transporter.
   667 | D        | Entered arena 14.
   668 | D        | Reached skill level 1 in Bows
   668 | D        | Reached XP level 13. HP: 107/107 MP: 23/23
   671 | D        | Noticed a blizzard demon
   691 | D        | Reached skill level 14 in Shields
   693 | D        | Killed a blizzard demon
   713 | D        | Found a transporter.
   745 | D        | Entered arena 15.
   746 | D        | Noticed an apis
   768 | D        | Reached skill level 15 in Shields
   771 | D        | Killed an apis
   771 | D        | Reached skill level 5 in Unarmed Combat
   808 | D        | Found a transporter.
   854 | D        | Entered arena 16.
   859 | D        | Noticed an azure jelly
   859 | D        | Noticed a death ooze
   859 | D        | Noticed an azure jelly
   859 | D        | Noticed a death ooze
   862 | D        | Noticed an azure jelly
   862 | D        | Killed a death ooze
   862 | D        | Reached skill level 16 in Shields
   877 | D        | Killed an azure jelly
   877 | D        | Reached skill level 15 in Invocations
   877 | D        | Gained mutation: You have claws for feet. [demonic ancestry]
   877 | D        | Reached XP level 14. HP: 116/116 MP: 25/25
   878 | D        | Killed an azure jelly
   878 | D        | Killed an azure jelly
   895 | D        | Found a transporter.
   913 | D        | Entered arena 17.
   934 | D        | Reached skill level 17 in Shields
   935 | D        | Reached skill level 10 in Evocations
   965 | D        | Found a transporter.
   987 | D        | Entered arena 18.
   998 | D        | Found a transporter.
  1016 | D        | Reached skill level 18 in Shields
  1030 | D        | Killed from afar by a fire dragon

Skill      XL: |  1  2  3  4  5  6  7  8  9 10 11 12 13 14 |
---------------+-------------------------------------------+-----
Fighting       | 4 5 6 7 8 9 11 12 13 | 13.7
Maces & Flails | 8 10 11 12 13 14 15 16 | 16.8
Throwing       | 4 5 6 |  6.6
Dodging        | 7 9 10 11 | 11.2
Shields        | 2 3 4 5 9 12 13 16 18 | 18.2
Invocations    | 3 6 8 10 13 15 16 | 16.2
Armour         | 1 2 4 5 6 8 9 |  9.7
Evocations     | 1 3 6 9 11 | 11.0
Unarmed Combat | 2 6 7 |  7.8
Bows           | 1 |  1.1
Stealth        | |  0.5
Spellcasting   | |  0.6

Action                   |  1- 3 |  4- 6 |  7- 9 | 10-12 | 13-15 || total
-------------------------+-------+-------+-------+-------+-------++-------
Melee: Shillelagh        |     8 |     3 |    38 |   111 |    96 ||   256
       Kick              |       |     2 |    13 |    40 |    32 ||    87
Evoke: Lightning rod     |     1 |       |     2 |    10 |    18 ||    31
       Lamp of fire      |       |       |       |     6 |    14 ||    20
       Sack of spiders   |       |       |       |     1 |     3 ||     4
       Phial of floods   |       |       |       |     1 |       ||     1
       Phantom mirror    |       |       |       |       |     1 ||     1
       Fan of gales      |       |       |       |       |     1 ||     1
  Use: Potion            |       |       |       |     3 |       ||     3
       Scroll            |       |       |       |       |     1 ||     1
  Eat: Chunk             |       |       |       |       |     1 ||     1
Armor: Plate armour      |     4 |       |    12 |    55 |    92 ||   163
Dodge: Dodged            |       |       |     4 |    25 |    50 ||    79
Block: Shield            |     9 |     3 |    54 |   183 |   234 ||   483
